 Dungeon Crawl Stone Soup version 0.29.1-15-g9cfb28693d (webtiles) character file.

Game seed: 107816937968366309

46610 Nimue the Thaumaturge (level 14, -19/76 HPs)
             Began as a Deep Elf Enchanter on Mar 23, 2023.
             Was an Elder of Sif Muna.
             Demolished by an ettin
             ... wielding a +0 dire flail
              (29 damage)
             ... on level 1 of the Orcish Mines.
             The game lasted 06:00:13 (17965 turns).

Nimue the Thaumaturge (Deep Elf Enchanter)         Turns: 17965, Time: 06:00:14

Health: -19/76     AC: 18    Str:  7    XL:     14   Next: 5%
Magic:  41/43      EV: 14    Int: 32    God:    Sif Muna [****..]
Gold:   1223       SH:  0    Dex: 15    Spells: 13/41 levels left

rFire   . . .      SeeInvis .   L - +3 dagger (protect)
rCold   + . .      Faith    .   (no shield)
rNeg    . . .      Spirit   .   U - +1 acid dragon scales
rPois   .          Reflect  .   (no helmet)
rElec   .          Harm     .   R - +2 cloak
rCorr   +          Rampage  .   j - +1 pair of gloves
Will    +....                   d - +0 pair of boots of Duyd {rC+ Regen+ MP+9 Int+2}
Stlth   +++.......              o - amulet of regeneration
HPRegen 1.82/turn               g - +4 ring of protection
MPRegen 0.28/turn               t - +6 ring of intelligence

@: confusing by touch
A: no striking features
a: Renounce Religion, Channel Magic, Forget Spell, Divine Exegesis


You were on level 1 of the Orcish Mines.
You worshipped Sif Muna.
Sif Muna was greatly pleased with you.
You visited 4 branches of the dungeon, and saw 18 of its levels.
You also visited: Sewer and Bailey.

You collected 1307 gold pieces.
You spent 84 gold pieces at shops.

Inventory:

Hand Weapons
 m - a +0 longbow of electrocution
 B - a +2 dagger of freezing
 J - a +4 trident
 L - a +3 dagger of protection (weapon)
 W - the +8 shortbow of Xoge {vorpal, Fragile Dex+3 SInv}
   (You found it on level 1 of the Lair of Beasts)

   Any ammunition fired from it inflicts extra damage upon your enemies.
   Dex:       It affects your dexterity (+3).
   SInv:      It lets you see invisible.
   Fragile:   It will be destroyed if unequipped.
Missiles
 w - 4 throwing nets
 T - 7 javelins
Armour
 d - the +0 pair of boots of Duyd (worn) {rC+ Regen+ MP+9 Int+2}
   (You acquired it on level 6 of the Dungeon)

   Int:       It affects your intelligence (+2).
   rC:        It protects you from cold.
   MP:        It affects your magic capacity (+9).
   Regen:     It increases your rate of health regeneration.
 j - a +1 pair of gloves (worn)
 R - a +2 cloak (worn)
 U - +1 acid dragon scales (worn)
Jewellery
 g - a +4 ring of protection (left hand)
 i - a ring of wizardry
 n - a ring of ice
 o - an amulet of regeneration (around neck)
 t - a +6 ring of intelligence (right hand)
 X - a ring of fire
Wands
 f - a wand of polymorph (2)
 l - a wand of charming (9) (quivered)
 E - a wand of acid (4)
 F - a wand of mindburst (1)
 I - a wand of iceblast (11)
Scrolls
 u - a scroll of silence
 y - a scroll of vulnerability
 G - 3 scrolls of amnesia
 H - 2 scrolls of fear
 N - 5 scrolls of teleportation
 O - 2 scrolls of magic mapping
 P - 5 scrolls of butterflies
 Q - 6 scrolls of identify
 S - a scroll of summoning
 Y - 2 scrolls of blinking
Potions
 a - 3 potions of heal wounds
 b - 5 potions of curing
 c - 2 potions of invisibility
 h - 3 potions of resistance
 q - 3 potions of brilliance
 r - 2 potions of cancellation
 s - a potion of might
 x - 3 potions of mutation
 z - 2 potions of magic
 C - 3 potions of flight
 D - 2 potions of lignification
Miscellaneous
 p - a box of beasts
 K - a tin of tremorstones (2/2)


   Skills:
 * Level 4.1 Fighting
 * Level 7.6 Short Blades
 - Level 1.0 Polearms
 - Level 9.9 Ranged Weapons
 - Level 2.0 Throwing
 * Level 4.7 Armour
 + Level 7.8 Dodging
 + Level 7.9 Stealth
 * Level 14.2 Spellcasting
 - Level 3.0 Conjurations
 * Level 14.2 Hexes
 + Level 5.8 Summonings
 + Level 2.0 Translocations
 - Level 1.0 Transmutations
 - Level 1.0 Ice Magic
 - Level 3.0 Air Magic
 - Level 3.0 Earth Magic
 - Level 1.0 Invocations
 * Level 9.9 Evocations


You had 13 spell levels left.
You knew the following spells:

 Your Spells              Type           Power      Damage    Failure   Level
a - Ensorcelled Hibernat  Hex/Ice        100%       N/A       1%          2
b - Confusing Touch       Hex            85%        N/A       1%          3
c - Tukima's Dance        Hex            85%        N/A       1%          3
d - Cause Fear            Hex            42%        N/A       1%          4
e - Passwall              Tmut/Erth      29%        N/A       2%          2
f - Slow                  Hex            100%       N/A       0%          1
g - Swiftness             Air            41%        N/A       3%          3
h - Blink                 Tloc           70%        N/A       2%          2
i - Stone Arrow           Conj/Erth      82%        3d12      3%          3
j - Dazzling Flash        Conj/Hex       100%       N/A       1%          3
k - Call Imp              Summ           56%        N/A       1%          2

Your spell library contained the following spells:

 Spells                   Type           Power      Damage    Failure   Level
 Magic Dart               Conj           100%       1d8       1%          1
 Sandblast                Erth           82%        2d17      1%          1
 Inner Flame              Hex/Fire       62%        N/A       1%          3
 Portal Projectile        Hex/Tloc       100%       N/A       1%          3
 Mephitic Cloud           Conj/Pois/Air  35%        N/A       4%          3
 Frozen Ramparts          Ice            58%        1d9       7%          3
 Ozocubu's Armour         Ice            29%        N/A       7%          3
 Summon Ice Beast         Ice/Summ       44%        N/A       9%          4
 Vampiric Draining        Necr           22%        2d7       11%         3
 Ice Form                 Ice/Tmut       29%        N/A       22%         4
 Manifold Assault         Tloc           35%        N/A       38%         5
 Blade Hands              Tmut           14%        N/A       54%         5
 Discord                  Hex            42%        N/A       54%         8
 Ozocubu's Refrigeration  Ice            14%        4d10      100%        7
 Storm Form               Tmut/Air       17%        N/A       100%        7


Dungeon Overview and Level Annotations

Branches:
Dungeon (11/15)            Temple (1/1) D:6            Lair (5/5) D:8
  Swamp (0/4) Lair:3        Snake (0/4) Lair:2          Orc (1/2) D:11
  Sewer (visited)          Bailey (visited)
  Slime: Lair:4-5

Altars:
Ashenzari
Cheibriados
Dithmenos
Elyvilon
Fedhas
Gozag
Hepliaklqana
Kikubaaqudgha
Makhleb
Nemelex Xobeh
Okawaru
Qazlal
Ru
Sif Muna
Trog
Uskayaw
Vehumet
Wu Jian
Xom
Yredelemnul
Zin
The Shining One

Shops:
D:6 *   D:8 *

Annotations:
D:6 shop:PoMight(89)&PoInvisibility(169)
D:7 pack of Skeleton Warriors! (avoid for now)


Message History

Your +0 giant club falls from the air.
Your +0 dire flail falls from the air.
There is an open door here.
Things that are here:
a +0 giant club; an orc skeleton
There is a staircase to the Orcish Mines here.
Items here: )) [[ รท.
You start resting.
HP restored.
You start resting.
Magic restored.
Casting: Slow (safe; 0% risk of failure)
Confirm with . or Enter, or press ? or * to list all spells.
Your hands begin to glow red.
You climb downwards.
Welcome back to the Orcish Mines!
The ogre mage casts a spell at you. The bolt of magma hits you!
The troll bites you but does no damage. The troll misses you.
The troll claws you. The ettin barely misses you.
The ettin hits you with a +0 dire flail!!
The ettin hits you with a +0 dire flail!
* * * LOW HITPOINT WARNING * * *
The ettin hits you with a +0 dire flail.
* * * LOW HITPOINT WARNING * * *
The troll bites you but does no damage. The troll closely misses you.
The troll claws you but does no damage.
There is a staircase back to the Dungeon, spattered with blood here.
Casting: Confusing Touch (safe; 1% risk of failure)
Confirm with . or Enter, or press ? or * to list all spells.
Okay, then.
As you read the scroll of fear, it crumbles to dust.
You assume a fearsome visage.
The ettin resists with some effort.
The troll looks frightened!
The orc wizard looks frightened!
The ogre mage looks frightened!
The ogre mage gestures wildly while chanting.
The ogre mage flickers and vanishes!
Deactivating autopickup; reactivate with Ctrl-A.
The orc wizard mumbles some strange words.
The orc wizard flickers and vanishes!
The troll starts to cry.
The ettin hits you with a +0 dire flail!!
You die...

.....##..
.{$......
..^...#.#
..#...#.#
...#....$
...T..##
...##.)..#
.....{.@#
##.#..C..#
#...#...#
##.##....#
#..
....... ##
#.##...#
### .....
.....


You could see an ettin and a troll (fleeing).

Vanquished Creatures
  6 hydras
  A boulder beetle (D:10)
  A centaur warrior (D:10)
  A catoblepas (Lair:2)
  2 two-headed ogres
  4 death yaks (Lair:2)
  A swamp dragon (Lair:3)
  2 cyclopes (D:10)
  An oklob plant (Lair:4)
  An ugly thing (D:10)
  Maurice (D:8)
  5 cane toads
  2 black mambas
  18 elephants
  2 torpor snails
  2 rime drakes
  10 komodo dragons
  2 trolls
  2 polar bears
  A hornet (D:10)
  A slime creature (D:10)
  13 blink frogs
  4 dream sheep (Lair:3)
  45 yaks
  3 shadows
  3 basilisks
  8 wyverns
  6 vampire mosquitoes
  Menkaure (D:6)
  A naga (Lair:2)
  11 water moccasins
  An acid dragon (D:10)
  A sky beast (D:6)
  5 black bears
  2 orc warriors (D:10)
  An ice beast (D:6)
  12 wolves
  2 ogres
  4 centaurs
  16 bullfrogs
  8 kobold brigands
  A necrophage (D:8)
  4 gnoll sergeants (Bailey)
  5 scorpions
  A killer bee (shapeshifter) (D:10)
  A killer bee (D:10)
  A howler monkey (D:10)
  A hound (Bailey)
  2 jellies (D:7)
  3 gnoll boudas (Bailey)
  6 orc priests
  3 iguanas
  8 orc wizards
  9 gnolls
  2 river rats (Sewer)
  11 adders
  3 shadow imps
  A white imp (D:8)
  2 ufetubi (D:5)
  5 worms
  A dart slug (D:2)
  27 orcs
  7 ball pythons
  6 bats
  20 endoplasms
  2 giant cockroaches
  3 goblins
  A hobgoblin (D:3)
  5 jackals
  7 quokkas
  2 frilled lizards (D:2)
  5 kobolds
  6 rats
  A toadstool (D:1)
375 creatures vanquished.

Vanquished Creatures (collateral kills)
  2 two-headed ogres
  Urug (Lair:3)
  A naga (Lair:2)
  2 orc warriors
  An ogre (D:11)
  2 wolves (Bailey)
  2 centaurs
  5 gnoll sergeants (Bailey)
  An orc priest (D:5)
  A gnoll bouda (Bailey)
  A hound (Bailey)
  An iguana (D:5)
  3 orc wizards
  12 gnolls
  28 orcs
  A ball python (D:4)
  4 goblins
  9 kobolds
77 creatures vanquished.

Vanquished Creatures (others)
  A dream sheep (Lair:3)
  9 dancing weapons
  A bush (Lair:2)
  36 fungi
  47 plants
  3 toadstools (D:1)
97 creatures vanquished.

Grand Total: 549 creatures vanquished

Notes
Turn   | Place    | Note
-------+----------+-------------------------------------------
     0 | D:1      | Nimue the Deep Elf Enchanter began the quest for the Orb.
     0 | D:1      | Reached XP level 1. HP: 10/10 MP: 6/6
   282 | D:1      | Reached skill level 1 in Fighting
   445 | D:1      | Reached XP level 2. HP: 16/16 MP: 8/8
   448 | D:1      | Learned a level 2 spell: Ensorcelled Hibernation
  1190 | D:2      | Reached XP level 3. HP: 20/20 MP: 5/10
  1194 | D:2      | Learned a level 3 spell: Confusing Touch
  1198 | D:2      | Learned a level 3 spell: Tukima's Dance
  1430 | D:3      | Reached skill level 5 in Hexes
  1430 | D:3      | Reached XP level 4. HP: 20/25 MP: 1/12
  2041 | D:2      | Found a faded altar of an unknown god.
  2600 | D:3      | Learned a level 4 spell: Cause Fear
  2644 | D:3      | Reached skill level 1 in Evocations
  2644 | D:3      | Reached XP level 5. HP: 29/29 MP: 13/13
  3210 | D:5      | Entered Level 5 of the Dungeon
  3392 | D:4      | Found a glowing silver altar of Zin.
  3429 | D:5      | Noticed an ogre
  3434 | D:5      | Reached skill level 5 in Spellcasting
  3434 | D:5      | Reached XP level 6. HP: 29/35 MP: 7/15
  3573 | D:4      | Found a bloodstained altar of Trog.
  3576 | D:4      | Found a shadowy altar of Dithmenos.
  4194 | D:5      | Found a hide-covered altar of Uskayaw.
  4211 | D:5      | Reached skill level 1 in Throwing
  4471 | D:5      | Reached XP level 7. HP: 40/40 MP: 11/17
  4601 | D:6      | Found an ornate altar of the Wu Jian Council.
  4716 | D:6      | Found a glowing drain.
  4720 | Sewer    | Entered a sewer
  4944 | Sewer    | Reached skill level 5 in Stealth
  4976 | Sewer    | Reached XP level 8. HP: 44/44 MP: 11/19
  5359 | Sewer    | Learned a level 2 spell: Passwall
  5613 | D:6      | Found a snail-covered altar of Cheibriados.
  5725 | D:6      | Found a staircase to the Ecumenical Temple.
  5734 | Temple   | Entered the Ecumenical Temple
  5895 | Temple   | Became a worshipper of Elyvilon the Healer
  6741 | D:6      | Identified a scroll of acquirement
  6741 | D:6      | Acquired the +0 pair of boots of Duyd {rC+ Regen+ MP+9
                  | Int+2}
  6832 | D:6      | Found Mithri Niceg's Assorted Antiques.
  6946 | D:6      | Reached skill level 5 in Short Blades
  6951 | D:6      | Bought a scroll of identify for 42 gold pieces
  6951 | D:6      | Bought a scroll labelled HASEUN CIPTUDOUC for 21 gold
                  | pieces
  6951 | D:6      | Bought a scroll labelled EKHUBL PIEL for 21 gold pieces
  7121 | D:7      | Reached skill level 5 in Dodging
  7148 | D:7      | Found a sparkling altar of Nemelex Xobeh.
  7207 | D:7      | Reached * piety under Elyvilon
  7214 | D:7      | You fall into a shaft and drop 3 floors!
  7214 | D:10     | Entered Level 10 of the Dungeon
  7234 | D:10     | Reached XP level 9. HP: 42/49 MP: 19/23
  7377 | D:9      | Found a transporter.
  7377 | D:9      | Found a transporter.
  7523 | D:9      | Reached skill level 1 in Invocations
  7562 | D:9      | Found a hazy altar of Hepliaklqana.
  7570 | D:9      | Learned a level 1 spell: Slow
  7574 | D:9      | Learned a level 3 spell: Swiftness
  7757 | D:8      | Found Zeskev's Demolitions Depot.
  7801 | D:8      | Found a flagged portal.
  7812 | Bailey   | Entered a bailey
  8010 | Bailey   | Reached skill level 10 in Hexes
  8030 | Bailey   | Reached skill level 10 in Spellcasting
  8104 | Bailey   | Reached skill level 5 in Evocations
  8322 | Bailey   | Reached XP level 10. HP: 51/55 MP: 16/26
  8554 | D:8      | Reached ** piety under Elyvilon
  8587 | D:7      | Noticed a skeletal warrior
  8588 | D:7      | Noticed a skeletal warrior
  8588 | D:7      | Noticed a skeletal warrior
  8803 | D:7      | Found a sacrificial altar of Ru.
  9052 | D:6      | Noticed Menkaure
  9070 | D:6      | Killed Menkaure
  9457 | D:8      | Noticed Maurice
  9499 | D:8      | Killed Maurice
  9665 | D:8      | Found a staircase to the Lair.
  9967 | D:8      | Reached *** piety under Elyvilon
 10376 | D:9      | Reached skill level 1 in Transmutations
 10388 | D:9      | Reached skill level 1 in Air Magic
 10388 | D:9      | Reached skill level 1 in Earth Magic
 10403 | D:9      | Reached skill level 1 in Polearms
 10593 | D:9      | Found a transporter.
 10610 | D:9      | Found a transporter.
 11041 | D:10     | Found a radiant altar of Vehumet.
 11058 | D:10     | Reached skill level 1 in Armour
 11073 | D:10     | Noticed a cyclops
 11088 | D:10     | Killed a cyclops
 11089 | D:10     | Reached XP level 11. HP: 54/60 MP: 16/28
 11142 | D:10     | Noticed a two-headed ogre
 11179 | D:10     | Killed a two-headed ogre
 11198 | D:10     | Noticed a boulder beetle
 11310 | D:10     | Noticed a brown ugly thing
 11342 | D:10     | Noticed an orc sorcerer
 11375 | D:10     | Noticed a two-headed ogre
 11384 | D:10     | Killed a two-headed ogre
 11587 | D:10     | Found a shimmering blue altar of Sif Muna.
 11598 | D:10     | Fell from the grace of Elyvilon
 11598 | D:10     | Became a worshipper of Sif Muna the Loreminder
 11718 | D:10     | Noticed a centaur warrior
 11735 | D:10     | Killed a centaur warrior
 11792 | D:10     | Killed a brown ugly thing
 11818 | D:10     | Killed a boulder beetle
 11966 | D:10     | Noticed a seven-headed hydra
 11989 | D:10     | Killed a seven-headed hydra
 12163 | Lair:1   | Entered Level 1 of the Lair of Beasts
 12480 | Lair:1   | Noticed a five-headed hydra
 12501 | Lair:1   | Killed a five-headed hydra
 12628 | Lair:2   | Reached XP level 12. HP: 64/64 MP: 30/30
 12853 | Lair:2   | Noticed a catoblepas
 12853 | Lair:2   | Found a staircase to the Snake Pit.
 12900 | Lair:1   | Identified the +8 shortbow of Xoge {vorpal, Fragile Dex+3
                  | SInv}
 13236 | Lair:2   | Reached skill level 1 in Ranged Weapons
 13249 | Lair:2   | Reached * piety under Sif Muna
 13563 | Lair:2   | Killed a catoblepas
 13575 | Lair:2   | Noticed a death yak
 13591 | Lair:2   | Noticed a death yak
 13593 | Lair:2   | Noticed a death yak
 13600 | Lair:2   | Noticed a death yak
 13625 | Lair:2   | Killed a death yak
 13626 | Lair:2   | Reached skill level 5 in Ranged Weapons
 13636 | Lair:2   | Killed a death yak
 13647 | Lair:2   | Killed a death yak
 13669 | Lair:2   | Killed a death yak
 14318 | Lair:3   | Reached XP level 13. HP: 70/70 MP: 33/33
 14345 | Lair:3   | Reached ** piety under Sif Muna
 14536 | Lair:3   | Learned a level 2 spell: Blink
 14604 | Lair:2   | Learned a level 3 spell: Stone Arrow
 14608 | Lair:2   | Learned a level 3 spell: Dazzling Flash
 14624 | Lair:3   | Reached skill level 1 in Conjurations
 14782 | Lair:3   | Reached skill level 1 in Translocations
 15434 | Lair:3   | Noticed Urug
 15468 | Lair:3   | Killed Urug
 15771 | Lair:3   | Found a staircase to the Swamp.
 15822 | Lair:3   | Learned a level 2 spell: Call Imp
 15920 | Lair:3   | Reached skill level 1 in Summonings
 16186 | Lair:4   | Reached skill level 1 in Ice Magic
 16318 | Lair:4   | Reached *** piety under Sif Muna
 16505 | Lair:5   | Entered Level 5 of the Lair of Beasts
 17016 | Lair:4   | Reached skill level 5 in Summonings
 17472 | D:11     | Reached **** piety under Sif Muna
 17496 | D:11     | Found a staircase to the Orcish Mines.
 17751 | Orc:1    | Entered Level 1 of the Orcish Mines
 17756 | Orc:1    | Reached XP level 14. HP: 76/76 MP: 34/34
 17965 | Orc:1    | Demolished by an ettin

Illustrated notes

Levels and vault maps discovered:
D:1:      ldierk_water_garden, layout_rooms, chequers_serial_rivers_large_a,
          minmay_misc_feat_secret_circle, serial_park_tiny_2
D:2:      layout_loops_corners, hellmonk_ecumenical_altar_leap_of_faith
D:3:      layout_loops_corners
D:4:      layout_basic, mainiacjoe_overflow_brackets,
          mainiacjoe_overflow_catwalk_spiral, minmay_checkerbox
D:5:      layout_basic, nicolae_uskayaw_dance_hall, guppyfry_early_lair_pool
D:6:      layout_loops_corners, lemuel_doored_altar, cheibrodos_worm_habitat,
          minmay_temple_entry_mini_moons, gup_sewer_entry_bowl,
          minmay_shop_grid_forest, grunt_ministairs_10, uniq_menkaure
D:7:      layout_loops_cross, mainiacjoe_overflow_alcove_1,
          nemelex_diamond_rough_becter, enter_ossuary_3, st_stairs_8
D:8:      layout_basic, due_lair_maze_entry_diamond, enter_bailey_3,
          hex_intersection, nicolae_blasting_shop, uniq_maurice
D:9:      layout_basic, mainiacjoe_overflow_small_starburst,
          columned_hall_lemuel, nicolae_diode_quadrants
D:10:     nzn_winding_woodlands_three_and_one
          [nzn_winding_woodlands_5x15_sawtooth,
          nzn_winding_woodlands_5x15_jagged,
          nzn_winding_woodlands_5x15_river_crossing,
          nzn_winding_woodlands_center_pierced_h], layout_basic,
          lemuel_crystal_altar, kennysheep_orc_sif_temple
D:11:     layout_small_grid, hiddenorc2_lemuel
Temple:   minmay_temple_curvy_loop
Lair:1:   layout_gridlike
Lair:2:   layout_gridlike, guppyfry_snake_entry_island
Lair:3:   layout_cave_pods, minmay_swamp_entry_reptiles, uniq_urug
Lair:4:   layout_loops_ring, grunt_megastairs_3
Lair:5:   cheibrodos_lair_end_hotspot, layout_cave_shapes, slime_entry_2,
          lemuel_fruit_tree
Orc:1:    layout_caves, serial_shops, nicolae_shop_advertising_works
          [nicolae_subvault_shop_adworks]

Skill      XL: |  1  2  3  4  5  6  7  8  9 10 11 12 13 |
---------------+----------------------------------------+-----
Fighting       | 1 2 3 4 |  4.1
Spellcasting   | 4 5 6 8 10 11 12 14 | 14.2
Hexes          | 5 6 8 10 11 13 14 | 14.2
Short Blades   | 2 3 4 5 6 7 |  7.6
Stealth        | 4 5 6 7 |  7.9
Evocations     | 1 2 6 7 8 9 |  9.9
Dodging        | 3 5 6 7 |  7.8
Throwing       | 1 2 |  2.0
Invocations    | 1 |  1.0
Transmutations | 1 |  1.0
Air Magic      | 2 3 |  3.0
Earth Magic    | 1 3 |  3.0
Polearms       | 1 |  1.0
Armour         | 2 4 |  4.7
Ranged Weapons | 7 9 |  9.9
Conjurations   | 3 |  3.0
Translocations | 2 |  2.0
Summonings     | 5 |  5.8
Ice Magic      | 1 |  1.0

Action                   |  1- 3 |  4- 6 |  7- 9 | 10-12 | 13-15 || total
-------------------------+-------+-------+-------+-------+-------++-------
Melee: Dagger            |    72 |   105 |   244 |   608 |   385 ||  1414
       Punch             |       |       |     3 |    11 |     8 ||    22
       Trident           |       |       |       |     1 |       ||     1
Throw: Stone             |     6 |     2 |     9 |     3 |       ||    20
       Boomerang         |       |     1 |    24 |     5 |     5 ||    35
       Dart              |       |       |     6 |       |     3 ||     9
       Throwing net      |       |       |       |    10 |       ||    10
       Javelin           |       |       |       |       |     6 ||     6
 Cast: Ensorcelled Hiber |    20 |    38 |    41 |   109 |   114 ||   322
       Tukima's Dance    |     2 |    13 |    53 |    25 |    25 ||   118
       Confusing Touch   |     2 |     7 |    31 |    95 |    57 ||   192
       Passwall          |       |       |     2 |     3 |       ||     5
       Swiftness         |       |       |       |     3 |     6 ||     9
       Cause Fear        |       |       |       |     1 |     1 ||     2
       Slow              |       |       |       |    19 |    46 ||    65
       Stone Arrow       |       |       |       |       |    17 ||    17
       Dazzling Flash    |       |       |       |       |    10 ||    10
       Blink             |       |       |       |       |     7 ||     7
Invok: Heal Self         |       |       |       |     1 |       ||     1
Evoke: Wand              |       |       |     7 |    18 |    13 ||    38
       Box of beasts     |       |       |       |     1 |       ||     1
  Use: Scroll            |       |     9 |    14 |    11 |     2 ||    36
       Potion            |       |       |     6 |     4 |     2 ||    12
 Stab: Sleeping          |    21 |    32 |    32 |    50 |    73 ||   208
       Confused          |       |     1 |    14 |    68 |    39 ||   122
       Paralysed         |       |     1 |       |       |       ||     1
       Distracted        |       |       |     1 |       |       ||     1
       Invisible         |       |       |     3 |     5 |     1 ||     9
       Held in net/web   |       |       |       |     6 |       ||     6
       Betrayed ally     |       |       |       |       |     1 ||     1
Armor: Robe              |    12 |     5 |    43 |    38 |       ||    98
       Acid dragon scale |       |       |       |   155 |   117 ||   272
Dodge: Dodged            |    34 |    49 |   134 |   271 |   148 ||   636
